 Dungeon Crawl Stone Soup version 0.32-a0-42-ga30500b4d3 (webtiles) character file.

Game seed: 10734947069590532642

3166 cforsyth the Fighter (level 10, 0/63 (80) HPs)
             Began as a Djinni Reaver on Jan 27, 2024.
             Was an Initiate of Yredelemnul.
             Slain by Pikel
             ... wielding a +1 whip of freezing
              (3 damage)
             ... on level 6 of the Dungeon.
             The game lasted 00:15:47 (8271 turns).

cforsyth the Fighter (Djinni Reaver)                Turns: 8271, Time: 00:15:47

HP:   0/63 (80)     AC:  3    Str: 11    XL:     10   Next: 15%
Gold: 365           EV: 12    Int: 18    God:    Yredelemnul [......] SH:  0 Dex: 19

rFire   + + .        o - +1 short sword (antimagic)
rCold   x . .        (no shield)
rNeg    . . .        b - +0 leather armour
rPois   ∞            (no helmet)
rElec   .            (no cloak)
rCorr   .            (no gloves)
SInv    +            (boots unavailable)
Will    +....        (no amulet)
Stlth   +            t - +6 ring of dexterity
HPRegen 0.30/turn    q - ring of see invisible
MPRegen 0.00/turn

%: infuse magic (-1 HP)
@: flying, heavily drained
A: sickness immunity, fire resistance 2, cold vulnerability 1, float, innate
caster, HP casting, extra vitality 1
a: Renounce Religion, Recall Undead Harvest


You were on level 6 of the Dungeon.
You worshipped Yredelemnul.
Yredelemnul was noncommittal.
You visited 2 branches of the dungeon, and saw 7 of its levels.
You also visited: Sewer and Ossuary.

You collected 365 gold pieces.

Inventory:

Hand Weapons
 a - a +0 short sword
 o - a +1 antimagic short sword (weapon)
Armour
 b - a +0 leather armour (worn)
Jewellery
 q - a ring of see invisible (right hand)
 t - a +6 ring of dexterity (left hand)
Wands
 s - a wand of quicksilver (3)
Scrolls
 c - 5 scrolls of identify
 m - a scroll of vulnerability {unknown}
 r - a scroll of fear {unknown}
 u - a scroll of teleportation
Potions
 d - 9 potions of curing
 e - a potion of cancellation {unknown}
 f - 3 potions of enlightenment {unknown}
 g - 2 potions of haste {unknown}
 h - 4 potions of heal wounds {unknown}
 i - 2 potions of might {unknown}
 j - 2 potions of mutation {unknown}
 k - 3 potions of invisibility {unknown}
 l - a potion of brilliance {unknown}
 n - 2 potions of lignification {unknown}
 p - 2 potions of degeneration {unknown}


   Skills:
 + Level 10.1 Fighting
 - Level 2.6 Short Blades
 - Level 2.1 Dodging
 + Level 8.0 Spellcasting
 + Level 8.0 Conjurations
 + Level 8.0 Hexes
 + Level 8.0 Summonings
 + Level 8.0 Necromancy
 + Level 8.0 Translocations
 + Level 8.0 Fire Magic
 + Level 8.0 Ice Magic
 + Level 8.0 Air Magic
 + Level 8.0 Earth Magic
 + Level 8.0 Alchemy


You knew the following spells:

 Your Spells              Type           Power      Damage    Failure   Level
a - Kiss of Death         Conj/Necr      100%       2d13      1%          1
b - Momentum Strike       Conj/Tloc      72%        3d10      1%          2
c - Hailstorm             Conj/Ice       36%        3d9       1%          3
d - Apportation           Tloc           72%        N/A       1%          1
e - Searing Ray           Conj           72%        2d7       1%          2
f - Tukima's Dance        Hex            36%        N/A       1%          3
g - Martyr's Knell        Necr/Summ      36%        N/A       4%          4
Your spell library was empty.

Dungeon Overview and Level Annotations

Branches:
Dungeon (6/15)             Temple (1/1) D:5           Sewer (visited)
Ossuary (visited)

Altars:
Ashenzari
Dithmenos
Elyvilon
Fedhas
Gozag
Hepliaklqana
Makhleb
Okawaru
Qazlal
Ru
Trog
Uskayaw
Wu Jian
Xom
Yredelemnul
Zin
The Shining One

Shops:
D:2 :   D:6 *

Annotations:
D:6 Pikel


Innate Abilities, Weirdness & Mutations

You are immune to sickness and miasma.
You are immune to poison.
Your flesh is very heat resistant. (rF++)
You are vulnerable to cold. (rC-)
You float through the air rather than walking.
You learn spells naturally, not from books.
Your magical power is your life essence.
You have superior vitality. (+4 MHP)


Message History

Confirm with . or Enter, or press ? or * to list all spells.
Aiming: Searing Ray (safe; 1% risk of failure)
Press: ? - help, Shift-Dir - straight line, f/p - Pikel
Aim: Pikel, wielding a +1 whip of freezing and wearing a +2 robe of cold resistance (moderately wounded, ally target, 76% to hit)
The searing ray hits Pikel!
Pikel is heavily wounded. (Press . to maintain the ray.) Pikel hits you with a +1 whip of freezing.
Pikel freezes you.
Your black bear zombie closely misses Pikel.
Your black bear zombie barely misses Pikel.
Your black bear zombie claws Pikel but does no damage.
The searing ray hits Pikel.
Pikel is severely wounded.
Pikel hits you with a +1 whip of freezing.
Pikel freezes you.
The searing ray hits Pikel but does no damage.
Pikel is severely wounded.
Your black bear zombie closely misses Pikel.
Your black bear zombie completely misses Pikel.
Your black bear zombie claws Pikel.
Pikel hits you with a +1 whip of freezing!
* * * LOW HITPOINT WARNING * * *
Pikel freezes you.
* * * LOW HITPOINT WARNING * * *
Casting: Searing Ray (safe; 1% risk of failure)
Confirm with . or Enter, or press ? or * to list all spells.
Restarting spell: Searing Ray (safe; 1% risk of failure)
Press: ? - help, Shift-Dir - straight line, f/p - Pikel
Aim: Pikel, wielding a +1 whip of freezing and wearing a +2 robe of cold resistance (severely wounded, ally target, 76% to hit)
The searing ray hits Pikel.
Pikel is almost dead. (Press . to maintain the ray.)
* * * LOW HITPOINT WARNING * * *
Pikel hits you with a +1 whip of freezing.
* * * LOW HITPOINT WARNING * * *
Pikel freezes you.
You die...
Pikel says, "Another soul for the market."
Your body becomes fuel for the black torch.

.#.....# #.....#####
.#.###.# #..#....... .>.#
#.# #.....## .
.#.###.####......# ..
.......#.....8#####8....##.
######)#.##..###..##....#.
#)# #..#........... #.#
#.....ZK......# ##.#
#..#.#@...(.[) ##..#
###.##...##[)# #.#.# #8
####8#))####.# ##.## ###
#..())$Z. #.# #Z#####.. #.#
####Z# #.# #....# ## #.#
#.##.# .# #.# #.##.#


You could see Pikel (ally target) and a friendly black bear zombie.

Vanquished Creatures
  A dancing weapon (D:5)
  Eustachio (Temple)
  A steam dragon (D:4)
  A water moccasin (D:5)
  An ice beast (D:5)
  3 ogres
  4 black bears (D:6)
  A centaur (D:6)
  4 lemures (D:6)
  2 kobold brigands
  An elf zombie (Ossuary)
  A bullfrog (D:4)
  A brain worm (D:3)
  4 scorpions
  A burial acolyte (Ossuary)
  5 wights (D:6)
  A spectral ogre (D:6)
  A howler monkey (D:6)
  A black bear zombie (D:6)
  2 jellies (D:5)
  A spectral scorpion (Ossuary)
  A bombardier beetle (D:4)
  3 centaur zombies (Ossuary)
  An orc priest (D:4)
  3 hounds
  An iguana (D:4)
  Ijyb (D:4)
  2 orc wizards
  2 hound zombies (Ossuary)
  3 mummies (Ossuary)
  2 human zombies
  4 adders
  A white imp (D:5)
  5 adder zombies (Ossuary)
  3 dart slugs (D:1)
  14 orcs
  11 ball pythons
  An endoplasm (D:3)
  5 giant cockroaches
  13 goblins
  6 hobgoblins
  3 jackals (D:4)
  21 kobolds
  3 quokkas
  3 ball python zombies (Ossuary)
  9 bats
  A frilled lizard (D:2)
  2 gnoll zombies (Ossuary)
  6 jackal zombies (Ossuary)
  5 kobold zombies
  3 orc zombies (Ossuary)
  4 rats
  2 spectral kobolds (D:6)
182 creatures vanquished.

Vanquished Creatures (collateral kills)
  Edmund (D:6)
  2 ice beasts (D:6)
  A scorpion (D:5)
  A jelly (D:5)
  An orc (D:5)
6 creatures vanquished.

Vanquished Creatures (others)
  2 dancing weapons
  A black bear zombie (D:6)
  A kobold (D:4)
  An orc zombie (D:6)
5 creatures vanquished.

Grand Total: 193 creatures vanquished

Notes
Turn   | Place    | Note
-------+----------+-------------------------------------------
     0 | D:1      | cforsyth the Djinni Reaver began the quest for the Orb.
     0 | D:1      | cforsyth set off with the following spells memorised: Kiss
                  | of Death, Momentum Strike, Hailstorm.
     0 | D:1      | Reached XP level 1. HP: 18/18 MP: 0/0
   130 | D:1      | Reached XP level 2. HP: 15/23 MP: 0/0
   416 | D:1      | Reached XP level 3. HP: 19/29 MP: 0/0
   416 | D:1      | Learned a level 1 spell: Apportation
   500 | D:1      | Found a faded altar of an unknown god.
   991 | D:1      | Reached skill level 3 in Fighting
  1006 | D:1      | You are sucked into a shaft and drop 1 floor!
  1153 | D:2      | Reached XP level 4. HP: 35/35 MP: 0/0
  1738 | D:2      | Found Over Yne's Book Emporium.
  1966 | D:3      | Found a glowing drain.
  2076 | Sewer    | Entered a sewer
  2267 | Sewer    | Noticed a kobold brigand
  2272 | Sewer    | Killed a kobold brigand
  2273 | Sewer    | Reached skill level 4 in Fighting
  2273 | Sewer    | Reached XP level 5. HP: 15/41 MP: 0/0
  2273 | Sewer    | Learned a level 2 spell: Searing Ray
  2870 | D:3      | Reached XP level 6. HP: 44/47 MP: 0/0
  3032 | D:3      | Found a bloodstained altar of Trog.
  3397 | D:3      | Found a glowing golden altar of the Shining One.
  3711 | D:4      | Found a sacrificial altar of Ru.
  3798 | D:4      | Noticed a steam dragon
  3816 | D:4      | Killed a steam dragon
  3817 | D:4      | Reached skill level 5 in Fighting
  3817 | D:4      | Reached XP level 7. HP: 21/54 MP: 0/0
  3817 | D:4      | Learned a level 3 spell: Tukima's Dance
  4371 | D:4      | Reached skill level 5 in Spellcasting
  4371 | D:4      | Reached skill level 5 in Conjurations
  4371 | D:4      | Reached skill level 5 in Hexes
  4371 | D:4      | Reached skill level 5 in Summonings
  4371 | D:4      | Reached skill level 5 in Necromancy
  4371 | D:4      | Reached skill level 5 in Translocations
  4371 | D:4      | Reached skill level 5 in Fire Magic
  4371 | D:4      | Reached skill level 5 in Ice Magic
  4371 | D:4      | Reached skill level 5 in Air Magic
  4371 | D:4      | Reached skill level 5 in Earth Magic
  4371 | D:4      | Reached skill level 5 in Alchemy
  4388 | D:4      | Reached skill level 6 in Fighting
  4463 | D:4      | Reached XP level 8. HP: 43/61 MP: 0/0
  4955 | D:5      | Entered Level 5 of the Dungeon
  4957 | D:5      | Noticed Ijyb
  4969 | D:4      | Killed Ijyb
  5097 | D:5      | Reached skill level 7 in Fighting
  5194 | D:5      | Found a staircase to the Ecumenical Temple.
  5227 | Temple   | Entered the Ecumenical Temple
  5247 | Temple   | Became a worshipper of Yredelemnul the Dark
  5270 | D:5      | Noticed Eustachio
  5303 | Temple   | Killed Eustachio
  5495 | D:5      | Found a shimmering altar of Xom.
  5552 | D:5      | Reached * piety under Yredelemnul
  5707 | D:5      | Reached ** piety under Yredelemnul
  5708 | D:5      | Reached XP level 9. HP: 47/70 MP: 0/0
  5708 | D:5      | Learned a level 4 spell: Martyr's Knell
  6103 | D:5      | Reached skill level 8 in Fighting
  6308 | D:6      | Noticed Edmund
  6317 | D:6      | Killed Edmund
  6804 | D:6      | Reached skill level 9 in Fighting
  6825 | D:6      | Found Egurok Gyhef's General Store.
  6897 | D:6      | Noticed Pikel
  6909 | D:6      | Found a sand-covered staircase.
  6909 | D:6      | Your ally Edmund died
  6913 | Ossuary  | Entered an ossuary
  7143 | Ossuary  | Reached XP level 10. HP: 45/79 MP: 0/0
  7950 | Ossuary  | Reached skill level 10 in Fighting
  8271 | D:6      | HP: 3/63 [Pikel/+1 whip of freezing (6)]
  8271 | D:6      | Slain by Pikel

Illustrated notes

Levels and vault maps discovered:
D:1:      co_arrival_square_in_a_square_in_a_square, layout_basic,
          basic_ecumenical_altar, amcnicky_mini_corridor_feature
D:2:      layout_loops_ring, serial_shops, shop, hangedman_decor_growths
D:3:      layout_loops_ring, trog_antimagical, tso_oasis_becter,
          mainiacjoe_overflow_cross_hatched, portal_sewer_entry_b,
          small_statue_intersection, st_stairs_3
D:4:      layout_loops_ring, nicolae_ru_great_annihilating_truth
D:5:      layout_cave_pools, marbit_many_paths, minmay_temple_entry_arrows,
          mrwooster_statue_mirror, minmay_strange_pillars, uniq_ijyb,
          uniq_eustachio
D:6:      layout_loops_ring, lightli_ossuary_entry_decrepit_ruins, serial_shops,
          shop, hellmonk_ghost_happy_afterlife, uniq_edmund, uniq_pikel
Temple:   bh_familiar_temple

Skill      XL: |  1  2  3  4  5  6  7  8  9 10 |
---------------+-------------------------------+-----
Spellcasting   | 3 4 5 6 7 8 |  8.0
Conjurations   | 3 4 5 6 7 8 |  8.0
Hexes          | 3 4 5 6 7 8 |  8.0
Summonings     | 3 4 5 6 7 8 |  8.0
Necromancy     | 3 4 5 6 7 8 |  8.0
Translocations | 3 4 5 6 7 8 |  8.0
Fire Magic     | 3 4 5 6 7 8 |  8.0
Ice Magic      | 3 4 5 6 7 8 |  8.0
Air Magic      | 3 4 5 6 7 8 |  8.0
Earth Magic    | 3 4 5 6 7 8 |  8.0
Alchemy        | 3 4 5 6 7 8 |  8.0
Fighting       | 3 4 5 6 7 9 10 | 10.1
Short Blades   | |  2.6
Dodging        | |  2.1

Action                     |  1- 3 |  4- 6 |  7- 9 | 10-12 || total
---------------------------+-------+-------+-------+-------++-------
  Melee: Short sword       |   144 |   255 |   253 |   123 ||   775
         Punch             |     2 |     3 |     7 |     4 ||    16
   Cast: Hailstorm         |       |     7 |    17 |       ||    24
         Momentum Strike   |       |     3 |    18 |     8 ||    29
         Kiss of Death     |       |     1 |     1 |     2 ||     4
         Tukima's Dance    |       |       |     7 |       ||     7
         Searing Ray       |       |       |     6 |     7 ||    13
         Martyr's Knell    |       |       |     3 |       ||     3
 Invoke: Dark Bargain      |       |       |     1 |       ||     1
  Evoke: Wand              |       |       |     1 |       ||     1
    Use: Scroll            |       |     1 |     3 |       ||     4
   Stab: Invisible         |       |     1 |       |       ||     1
         Distracted        |       |       |     4 |     1 ||     5
         Sleeping          |       |       |     2 |       ||     2
 Armour: Leather armour    |    89 |   173 |   178 |   101 ||   541
  Dodge: Dodged            |    70 |   181 |   163 |    86 ||   500

Table legend: (Time is in decaauts)
 A = Elapsed time spent in this place.
 B = Non-inter-level travel time spent in this place.
 C = Inter-level travel time spent in this place.
 D = Time resting spent in this place.
 E = Time spent auto-exploring this place.
 F = Levels seen in this place.
 G = Mean time per level.
                   A        B        C        D        E       F      G
               +--------+--------+--------+--------+--------+-----+--------+
         Total |   8170 |   7926 |    244 |   1267 |   5134 |   9 |  907.8 |
       Dungeon |   6135 |   5910 |    225 |    510 |   4385 |   6 | 1022.5 |
        Temple |    182 |    163 |     19 |    123 |      0 |   1 |  182.0 |
         Sewer |    529 |    529 |      0 |    101 |    304 |   1 |  529.0 |
       Ossuary |   1322 |   1322 |      0 |    533 |    445 |   1 | 1322.0 |
               +--------+--------+--------+--------+--------+-----+--------+

Top non-repeatable levels by time:
     D:4: 1545 daAuts
 Ossuary: 1322 daAuts
     D:1: 1076 daAuts
     D:3: 1065 daAuts
     D:5: 1035 daAuts
     D:2: 804 daAuts
     D:6: 609 daAuts
   Sewer: 529 daAuts
  Temple: 182 daAuts
